 Dungeon Crawl Stone Soup version 0.30-a0-377-g5cb311bc9f (webtiles) character file.

Game seed: 18341605633158978388

117 flotson the Sneak (level 4, -6/36 HPs)
             Began as a Demonspawn Delver on Nov 29, 2022.
             Killed from afar by an orc wizard (8 damage)
             ... with a magic dart
             ... on level 2 of the Dungeon.
             The game lasted 00:03:42 (1691 turns).

flotson the Sneak (Demonspawn Delver)               Turns: 1691, Time: 00:03:42

Health: -6/36      AC:  8    Str: 14    XL:     4   Next: 71%
Magic:  4/4        EV: 11    Int: 11    God:
Gold:   153        SH:  0    Dex: 15    Spells: 3/3 levels left

rFire   . . .      SeeInvis .    a - +0 spear
rCold   . . .      Faith    .    (no shield)
rNeg    . . .      Spirit   .    i - +0 ring mail
rPois   .          Reflect  .    (no helmet)
rElec   .          Harm     .    (no cloak)
rCorr   .          Rampage  .    (no gloves)
Will    .....                    (no boots)
Stlth   ++........               (no amulet)
HPRegen 0.26/turn                (no ring)
MPRegen 0.09/turn                (no ring)

@: brilliant, hasted, very quick
A: yellow scales 1, powered by pain 1, shaggy fur 1
a: no special abilities


You were on level 2 of the Dungeon.
You visited 1 branch of the dungeon, and saw 5 of its levels.

You collected 153 gold pieces.

Inventory:

Hand Weapons
 a - a +0 spear (weapon)
Missiles
 j - 3 boomerangs (quivered)
Armour
 i - a +0 ring mail (worn)
Wands
 g - a wand of digging (3)
Scrolls
 b - 3 scrolls of identify {unknown}
 c - 2 scrolls of fog
 d - 2 scrolls of magic mapping
 m - a scroll of teleportation {unknown}
 o - a scroll of enchant weapon {unknown}
 q - a scroll of immolation {unknown}
 r - a scroll of blinking {unknown}
Potions
 f - a potion of haste
 k - a potion of curing {unknown}
 l - a potion of ambrosia {unknown}
 n - a potion of heal wounds {unknown}
 p - a potion of invisibility {unknown}


   Skills:
 + Level 3.6 Fighting
 - Level 1.7 Polearms
 + Level 1.2 Throwing
 + Level 1.5 Armour
 + Level 2.6 Dodging
 - Level 4.5 Stealth
 + Level 1.8 Evocations


You had 3 spell levels left.
You didn't know any spells.
Your spell library contained the following spells:

 Spells                   Type           Power      Damage    Failure   Level
 Frozen Ramparts          Ice            0%         1d1       91%         3
 Inner Flame              Hex/Fire       0%         N/A       91%         3
 Flame Wave               Conj/Fire      0%         2d4       100%        4
 Ice Form                 Ice/Tmut       0%         N/A       100%        4
 Sticky Flame             Conj/Fire      0%         2d3       100%        4
 Summon Ice Beast         Ice/Summ       0%         N/A       100%        4


Dungeon Overview and Level Annotations

Branches:
Dungeon (5/15)
 Temple: D:4-7

Altars:
Fedhas


Innate Abilities, Weirdness & Mutations

You are partially covered in yellow scales. (AC +2)
You sometimes gain a little power by taking damage.
You are covered in fur. (AC +1)


Message History

You closely miss something.
You hear some strange, mumbled words.
Something tries to affect you, but you resist.
You hit something. Something hits you.
You hit something. Something hits you.
* * * LOW HITPOINT WARNING * * *
You hit something. Something hits you.
* * * LOW HITPOINT WARNING * * *
You miss something. Something hits you but does no damage.
You hear some strange, mumbled words.
A puff of flame appears from out of thin air!
The puff of flame misses you.
You hit something but do no damage. Something hits you but does no damage.
You hit something. You punch something.
You hear some strange, mumbled words.
A puff of flame appears from out of thin air!
The puff of flame hits you.
* * * LOW HITPOINT WARNING * * *
You hit something.
You hear some strange, mumbled words.
A magic dart appears from out of thin air!
The magic dart hits you but does no damage.
You closely miss something. Something hits you but does no damage.
You hit something but do no damage. Something hits you but does no damage.
You miss something. Something hits you but does no damage.
Okay, then.
Unknown command.
You feel yourself speed up.
You hear some strange, mumbled words.
A puff of flame appears from out of thin air!
The puff of flame hits you.
* * * LOW HITPOINT WARNING * * *
It was a potion of brilliance.
You feel clever all of a sudden.
It was a potion of mutation.
You feel extremely strange. Fur sprouts all over your body.
You hear some strange, mumbled words.
A magic dart appears from out of thin air!
The magic dart hits you!
You die...

######.###...#####.#.# ##
#..#...............#.# #.
#.......##.#########.#####.
######.......#..# #.......
#..............#############....
#.#####.........................
#.# #...._..#)###########.....
#.# #.......#{# #.#...
#.#####.#.....#@# #.#...
#.........#..##.###########.#...
#######.##>...................#.
#.##.#.##.###########.#.#.
#.##.#.##.# #)#.#. #.##.#....#
##### #.# #
#.##.#########...####.# #.##..
..........'..†.# #.####
#######...######


There were no monsters in sight!

Vanquished Creatures
  Jessica (D:3)
  An orc wizard (D:2)
  3 adders
  A worm (D:4)
  2 orcs (D:3)
  3 bats
  7 endoplasms
  3 goblins
  2 hobgoblins
  2 jackals (D:1)
  2 kobolds
  A quokka (D:1)
  3 ball pythons
  3 frilled lizards
  2 rats
36 creatures vanquished.

Notes
Turn   | Place    | Note
-------+----------+-------------------------------------------
     0 | D:5      | flotson the Demonspawn Delver began the quest for the Orb.
     0 | D:5      | Reached XP level 1. HP: 18/18 MP: 1/1
    17 | D:5      | Gained mutation: You sometimes gain a little power by
                  | taking damage. [demonic ancestry]
    17 | D:5      | Reached XP level 2. HP: 19/24 MP: 2/2
   227 | D:5      | Noticed a black bear
   325 | D:4      | Reached skill level 1 in Evocations
   371 | D:4      | Noticed a necrophage
   650 | D:3      | Reached skill level 1 in Armour
   650 | D:3      | Reached XP level 3. HP: 29/29 MP: 3/3
   720 | D:3      | Noticed Jessica
   728 | D:3      | Killed Jessica
   769 | D:2      | Found a blossoming altar of Fedhas.
   817 | D:2      | Gained mutation: You are partially covered in yellow
                  | scales. (AC +2) [demonic ancestry]
   817 | D:2      | Reached XP level 4. HP: 35/35 MP: 4/4
  1052 | D:1      | Reached skill level 1 in Throwing
  1691 | D:2      | Gained mutation: You are covered in fur. (AC +1) [potion of
                  | mutation]
  1691 | D:2      | Killed from afar by an orc wizard

Illustrated notes

Levels and vault maps discovered:
D:1:      lemuel_arrival_lava_pool, layout_basic, roderic_lattice_a,
          solitary_fountain
D:2:      layout_basic, basic_altar, minmay_misc_feat_tower,
          nrook_mini_backslash, due_unseen_surprise
D:3:      layout_basic, nicolae_ru_path_of_blood, uniq_jessica
D:4:      layout_gridville, general_overflow_altar, temple_hall,
          serial_bayou_pond_e
D:5:      layout_basic, okawaru_ov_weapons_minmay

Skill      XL: |  1  2  3  4 |
---------------+-------------+-----
Dodging        | 2 |  2.6
Evocations     | 1 |  1.8
Armour         | 1 |  1.5
Throwing       | 1 |  1.2
Fighting       | |  3.6
Polearms       | |  1.7
Stealth        | |  4.5

Action                   |  1- 3 |  4- 6 || total
-------------------------+-------+-------++-------
Melee: Spear             |    69 |    99 ||   168
       Punch             |     2 |     2 ||     4
Throw: Boomerang         |     3 |     4 ||     7
  Use: Scroll            |     1 |       ||     1
       Potion            |       |     3 ||     3
 Stab: Sleeping          |     6 |     5 ||    11
Armor: Leather armour    |     2 |       ||     2
       Ring mail         |    12 |    38 ||    50
Dodge: Dodged            |    33 |    23 ||    56

Table legend: (Time is in decaauts)
 A = Elapsed time spent in this place.
 B = Non-inter-level travel time spent in this place.
 C = Inter-level travel time spent in this place.
 D = Time resting spent in this place.
 E = Time spent auto-exploring this place.
 F = Levels seen in this place.
 G = Mean time per level.
                   A        B        C        D        E       F      G
               +--------+--------+--------+--------+--------+-----+--------+
         Total |   1694 |   1606 |     88 |      9 |   1146 |   5 |  338.8 |
       Dungeon |   1694 |   1606 |     88 |      9 |   1146 |   5 |  338.8 |
               +--------+--------+--------+--------+--------+-----+--------+

Top non-repeatable levels by time:
     D:1: 666 daAuts
     D:3: 375 daAuts
     D:2: 258 daAuts
     D:5: 251 daAuts
     D:4: 143 daAuts
